[Event "1st Rio Chess Open 2022"]
[Site "Rio de Janeiro"]
[Date "2022.04.24"]
[Round "5.6"]
[White "Mekhitarian, Krikor Sevag"]
[Black "Sztokbant, Bernardo Vainzoff"]
[Result "1-0"]
[ECO "D31"]
[WhiteElo "2569"]
[BlackElo "2190"]
[Annotator "TA"]
[PlyCount "91"]
[EventDate "2022.04.18"]
[EventType "swiss"]
[EventCountry "BRA"]
[SourceTitle "playchess.com"]
[Source "ChessBase"]
[SourceQuality "1"]
[TimeControl "5400+30"]

1. d4 {[%emt 0:06:14] Krasenkow,Michal} d5 2. c4 e6 3. Nc3 Be7 4. cxd5 exd5 5. Bf4 c6 6. e3 Bd6 7. Bxd6 Qxd6 8. Bd3 Ne7 {[%emt 0:01:23] D31: Queen's Gambit Declined: Semi-Slav without ...Nf6 (+ Marshall Gambit and Noteboom) and Exchange Variation lines without ...Nf6.} 9. Qc2 g6 10. f3 Nd7 {[%emt 0:04:41] White is slightly better.} 11. Nge2 Nb6 {[%emt 0:15:22] [#]} 12. O-O $146 ({Predecessor:} 12. e4 Qf6 13. O-O O-O 14. Rae1 Qh4 15. Qc1 Bd7 16. g3 Qf6 17. e5 Qg7 18. Nf4 {1-0 (50) Onischuk,A (2699)-Kovacs,G (2516) Ohrid 2009 CBM 133 [Krasenkow,Michal]}) 12... O-O 13. Rad1 Be6 14. e4 f6 15. Qc1 Kg7 16. Nf4 Bg8 17. Kh1 Rfe8 18. Rfe1 Nd7 {[%emt 0:04:39] Prevents e5.} 19. Bc2 Rad8 20. Bb3 Nb6 (20... Kh8 $14) 21. Bc2 (21. e5 $16 Qb8 22. exf6+ Kxf6 23. Re2) 21... Qd7 (21... Nd7 $1 $11 {keeps the balance.}) 22. b3 Nbc8 23. e5 Rf8 24. Nd3 $36 {[%emt 0:02:59][%mdl 2048] White is on the roll. &Bianco is much more active. The black rooks are badly placed.} b6 25. Re2 fxe5 26. Nxe5 Qd6 27. Rde1 h5 (27... Kh8 $16 {was called for.} 28. Qd1 Qf6) 28. Nd1 Qf6 29. Bd3 Qf4 (29... Nd6 $142 30. g4 (30. Nxc6 Nxc6 31. Qxc6 Qxd4 $14) 30... Qf4) 30. Qc3 $18 Rd6 31. Nf2 Qf6 32. Ba6 Nf5 33. Bd3 $2 ({White should play} 33. Nh3 $18) 33... Nce7 $2 (33... Nfe7 $1 $11) 34. Kg1 (34. Nh3 $18 {is more deadly.}) 34... g5 $2 (34... Qh4 $16) 35. Nh3 Be6 36. f4 g4 37. Ng5 {[%emt 0:00:01][%cal Oe5g4] Hoping for Nxg4!} Bc8 38. g3 Kg8 39. b4 b5 40. Bc2 Rdd8 41. Qd3 Kg7 $2 {[%emt 0:01:11] [#]} (41... Qd6 42. Qc3 Rf6) 42. Nxg4 $1 hxg4 {[%emt 0:00:00] [#]} 43. Rxe7+ Qxe7 (43... Kg8 44. R1e5) 44. Rxe7+ {[%emt 0:00:06] White mates.} Nxe7 45. Qh7+ Kf6 46. Qh6+ {[%emt 0:00:15] Weighted Error Value: White=0.21 (precise) /Black=0.52} 1-0

[Event "1st Rio Chess Open 2022"]
[Site "Rio de Janeiro"]
[Date "2022.04.24"]
[Round "6.1"]
[White "Hoffman, Alejandro"]
[Black "Rodriguez Vila, Andres"]
[Result "1/2-1/2"]
[ECO "D79"]
[WhiteElo "2389"]
[BlackElo "2435"]
[Annotator "TA"]
[PlyCount "21"]
[EventDate "2022.04.18"]
[EventType "swiss"]
[EventCountry "BRA"]
[SourceTitle "playchess.com"]
[Source "ChessBase"]
[SourceQuality "1"]
[TimeControl "5400+30"]

1. Nf3 Nf6 2. g3 g6 3. Bg2 Bg7 4. O-O d5 5. d4 O-O 6. c4 c6 7. cxd5 cxd5 8. Ne5 Nbd7 9. Nc3 e6 10. Nxd7 Bxd7 {[%emt 0:00:06] [#]} {Predecessor:} 11. Bf4 $146 {D79: Fianchetto Grünfeld: Symmetrical Variation (6 0-0 c6 7 cxd5 cxd5).} 1/2-1/2

[Event "1st Rio Chess Open 2022"]
[Site "Rio de Janeiro"]
[Date "2022.04.24"]
[Round "6.2"]
[White "Aranha Filho, Alvaro Z."]
[Black "Librelato, Kathie Goulart"]
[Result "0-1"]
[ECO "E73"]
[WhiteElo "2226"]
[BlackElo "2156"]
[Annotator "TA"]
[PlyCount "80"]
[EventDate "2022.04.18"]
[EventType "swiss"]
[EventCountry "BRA"]
[SourceTitle "playchess.com"]
[Source "ChessBase"]
[SourceQuality "1"]
[TimeControl "5400+30"]

1. d4 Nf6 2. c4 g6 3. Nc3 Bg7 4. e4 d6 5. Be2 O-O 6. Bg5 Na6 7. Qd2 c6 8. f3 e5 9. d5 cxd5 10. cxd5 Bd7 11. g4 Rb8 {[%emt 0:14:32] [#] E73: King's Indian: Averbakh Variation without 6...c5.} 12. Rb1 $146 ({Predecessor:} 12. h4 b5 13. h5 b4 14. Nd1 Nc5 15. Ne3 Qa5 16. Nc4 Qa4 17. Qd1 Qxd1+ 18. Rxd1 Nb7 19. h6 {1-0 (39) Campossano Camo,R-Llacsahuanga,D (2064) Piura 2013}) 12... b5 (12... Qa5 {looks sharper.} 13. Kf1 Rfc8 14. b4 Qc7) 13. b4 $1 {[%emt 0:01:56] Prevents Qa5.} Nc7 {[%emt 0:00:04][%cal Oh7h6] White is slightly better.} 14. h4 Na8 15. h5 a6 16. Bd3 Nb6 17. Nge2 Rc8 18. Ng3 Nc4 19. Bxc4 Rxc4 20. Nce2 Qe7 21. Nf5 $2 Bxf5 $2 (21... gxf5 $19 22. gxf5 Rfc8) 22. gxf5 $11 Rfc8 23. Bh6 $2 {[%emt 0:14:40][%mdl 8192] White is on the road to losing.} (23. hxg6 $11 {and White has nothing to worry.} hxg6 24. fxg6) 23... Rc2 $19 ({And not} 23... Nxh5 24. Qg5 Qxg5 25. Bxg5 $17) 24. Qg5 (24. Rc1 $142 Bxh6 25. Qxh6 Nxh5 26. Rxc2 Rxc2 27. a3) 24... Bxh6 25. Qxh6 Nxh5 {[%emt 0:02:01] [#] Strongly threatening ...Qc7.} 26. Rxh5 (26. Ra1 $142) 26... gxh5 27. f6 Qf8 {[%emt 0:00:05] Inhibits Qg7+.} 28. Qxh5 Kh8 {[%emt 0:00:10] Threatens to win with ...Qg8.} 29. f4 exf4 {[%emt 0:00:24] White must now prevent ...Qg8.} 30. Rb3 Qg8 31. Rh3 {[%emt 0:01:13] [#]} Rxe2+ $1 32. Kxe2 {[%emt 0:00:02] KQR-KQR} Qg2+ 33. Kd1 Qc2+ 34. Ke1 Qxe4+ 35. Kd1 Qd4+ 36. Ke2 Rc2+ 37. Kf3 Rf2+ 38. Kg4 f3+ {[%emt 0:01:29] Black mates.} 39. Kg3 Rg2+ 40. Kxf3 Rf2+ {[%emt 0:00:00] Weighted Error Value: White=0.83/Black=0.34} 0-1

[Event "1st Rio Chess Open 2022"]
[Site "Rio de Janeiro"]
[Date "2022.04.24"]
[Round "6.3"]
[White "Soares, Joao Carlos T. C."]
[Black "Abrantes, Tiago Garrido"]
[Result "1/2-1/2"]
[ECO "D91"]
[WhiteElo "2064"]
[BlackElo "2178"]
[Annotator "TA"]
[PlyCount "69"]
[EventDate "2022.04.18"]
[EventType "swiss"]
[EventCountry "BRA"]
[SourceTitle "playchess.com"]
[Source "ChessBase"]
[SourceQuality "1"]
[TimeControl "5400+30"]

1. d4 Nf6 2. c4 g6 3. Nf3 Bg7 4. Nc3 d5 5. Bg5 Ne4 6. cxd5 Nxg5 7. Nxg5 e6 8. Qd2 exd5 9. Qe3+ Kf8 10. Qf4 Bf6 11. h4 h6 12. Nf3 {[%emt 0:00:30] 12.Nxd5 is not played anymore.} Kg7 13. O-O-O Be6 14. g4 {[%emt 0:00:30] D91: Grünfeld: 4 Nf3 Bg7 5 Bg5.} Nd7 15. e3 c6 16. Bd3 {[%emt 0:00:30] White has an edge.} Be7 17. Qg3 {[%emt 0:00:30] [#]} c5 $146 (17... Qb8 $11) ({Predecessor:} 17... Qb8) 18. Kb1 {[%emt 0:00:30][%cal Od3f5] &Bianco is more active.} Qb8 (18... Rc8 $1 $14) 19. Ne5 {[%emt 0:00:30] Hoping for f4.} cxd4 20. exd4 {[%emt 0:00:30] Black must now prevent f4.} Nxe5 21. dxe5 {[%emt 0:00:30] [#] And now f4 would win.} h5 22. Be2 (22. gxh5 $16 Rxh5 23. f4) 22... hxg4 $1 $11 23. Nxd5 Qd8 24. Ne3 Qa5 25. Bc4 Rad8 (25... Bxc4 $11 26. Nxc4 Qc5) 26. Rxd8 $2 {[%emt 0:00:30] [#]} (26. Bxe6 $1 $14 {was forced to keep a grip.} fxe6 27. Rdg1 (27. Qxg4 Qxe5 28. Rxd8 Rxd8 $16) (27. Nxg4 Rxh4 28. Qf3 Rxh1 $11)) 26... Qxd8 $2 (26... Bxc4 $17 27. Nxc4 Qxd8) 27. Bxe6 $14 fxe6 28. Qxg4 ({White should play} 28. Rd1 $1 $14 Qc8 29. Rg1 (29. Nxg4 Qc6 $14) (29. Qxg4 Rxh4 30. Qf3 g5 $11)) 28... Rxh4 $11 29. Rxh4 Bxh4 30. Qe2 {[%emt 0:00:30] Against Qd3+} Qd4 31. Ng4 (31. Qf3 $5 ) 31... Bg5 32. a3 a5 33. Qf3 Qd5 34. Qe2 a4 35. Qc2 {[%emt 0:00:30] Weighted Error Value: White=0.36/Black=0.32} 1/2-1/2

[Event "1st Rio Chess Open 2022"]
[Site "Rio de Janeiro"]
[Date "2022.04.24"]
[Round "6.4"]
[White "Mekhitarian, Krikor Sevag"]
[Black "Lage, Pedro Ferreira"]
[Result "1-0"]
[ECO "C18"]
[WhiteElo "2569"]
[BlackElo "2100"]
[Annotator "TA"]
[PlyCount "55"]
[EventDate "2022.04.18"]
[EventType "swiss"]
[EventCountry "BRA"]
[SourceTitle "playchess.com"]
[Source "ChessBase"]
[SourceQuality "1"]
[TimeControl "5400+30"]

1. e4 e6 2. d4 d5 3. Nc3 Bb4 4. e5 c5 5. a3 Bxc3+ 6. bxc3 Ne7 7. Qg4 O-O 8. Bd3 Nbc6 9. Bg5 $1 {[%emt 0:00:57][%mdl 4] Threatens to win with Bf6. is recently more successful than 9.Qh5. C18: French: 3 Nc3 Bb4: Main line: 7 h4 and 7 Qg4.} c4 $2 {[%emt 0:09:51][%mdl 8192] [#]} (9... Qa5 $11 10. Ne2 cxd4) 10. Bf6 $1 $18 g6 {[%emt 0:01:41] [#]} (10... Ng6 11. Bxd8) 11. Qg5 $1 {[%emt 0:45:34][%cal Og5h6] [#]} Qa5 $146 {[%emt 0:11:27] [#]} ({Predecessor:} 11... cxd3 12. g4 Nxe5 13. dxe5 {1-0 (13) Petrosian,T (2612)-Grigoryan,A (1957) Jermuk 2019}) 12. g4 $1 {[%emt 0:02:48][%cal Og5h6] Intending Qh6! and mate.} Qxc3+ 13. Kf1 Qxa1+ 14. Kg2 Qxd4 {[%emt 0:00:29] [#]} 15. Nf3 $2 $40 {[%emt 0:00:54][%mdl 128] Black needs to defend precisely.} Qxg4+ $1 $11 16. Qxg4 {[%emt 0:00:15] Dancing on a razor blade.} cxd3 17. h4 {[%emt 0:20:08] aiming for h5.} h5 $1 18. Qf4 ({Of course not} 18. Qg5 Nf5 19. cxd3 b6 $15) 18... Nf5 {[%emt 0:02:01] Prevents Qh6.} (18... dxc2 $2 {leads to mate.} 19. Qh6 Nf5 20. Qh8#) 19. cxd3 Bd7 20. Rg1 Rfc8 $2 (20... Nce7 $11 {and Black is okay.}) 21. Kh2 $1 $18 {[%emt 0:00:23] Black must now prevent Rg5.} Kf8 {[%emt 0:05:47] [#]} 22. Rg5 $1 {[%emt 0:06:07][%cal Og5f5] White threatens Rxf5! and mate.} Nce7 {[%emt 0:01:27][%mdl 8192] [#]} (22... Ke8 $11) 23. Rxf5 $1 {[%emt 0:02:38][%mdl 512] White is clearly winning.} Nxf5 {[%emt 0:00:47] [#]} 24. Nd4 $1 {[%emt 0:00:02] Threatening mate with Nxf5.} Bc6 (24... Bb5 $142) 25. Nxf5 gxf5 26. Qg5 {[%emt 0:09:47] White wants to mate with Qg7+.} Bb5 27. Qg7+ Ke8 28. Qg8+ {[%emt 0:06:00][%mdl 64] Deflection.  Weighted Error Value: White=0.27 (precise) /Black=0.37} 1-0

[Event "1st Rio Chess Open 2022"]
[Site "Rio de Janeiro"]
[Date "2022.04.24"]
[Round "6.5"]
[White "Di Berardino, Diego Rafael"]
[Black "Lutuima, Amaro"]
[Result "1-0"]
[ECO "A49"]
[WhiteElo "2490"]
[BlackElo "2068"]
[Annotator "TA"]
[PlyCount "66"]
[EventDate "2022.04.18"]
[EventType "swiss"]
[EventCountry "BRA"]
[SourceTitle "playchess.com"]
[Source "ChessBase"]
[SourceQuality "1"]
[TimeControl "5400+30"]

1. d4 Nf6 2. Nf3 g6 3. g3 Bg7 4. Bg2 O-O 5. O-O d6 6. b3 c5 7. Bb2 Na6 8. c4 {[%emt 0:01:16] A49: 1 d4 Nf6 2 Nf3 g6 3 g3: Anti-King's Indian systems.} Rb8 9. Nc3 {[%emt 0:02:22] [#]} d5 $146 ({Predecessor:} 9... Bf5 10. Rc1 Qd7 11. Qd2 Ne4 12. Nxe4 Bxe4 13. Rfd1 cxd4 14. Bxd4 Nc5 15. Bxc5 {1-0 (15) Jianu,V (2532)-Pertinez Soria,J (2165) Chess.com INT 2020}) 10. cxd5 {[%emt 0:08:11] White is slightly better.} Nxd5 11. Nxd5 Qxd5 12. Ne5 Qd6 {[%emt 0:11:10] [#]} 13. dxc5 $1 Qc7 (13... Nxc5 14. Qxd6) 14. Nd3 {[%emt 0:01:10] White wants to play Bxg7.} Bxb2 15. Nxb2 Qxc5 (15... Rd8 $5 16. Qc1 Nxc5 $11) 16. Nd3 (16. Rc1 $5 Qb4 17. Nd3 $14) 16... Qa5 17. a3 $36 {[%emt 0:06:45][%mdl 2048] White has good play.} Bf5 18. e4 Be6 19. b4 Qg5 20. Qc1 Qb5 21. Qe3 Rfd8 {[%emt 0:08:38] [#]} 22. Nf4 Bc4 23. Rfc1 b6 (23... e6 $16 {might work better.}) 24. Rc3 {[%emt 0:10:26] Black must now prevent Rac1.} Qe5 25. Rac1 Bb5 (25... b5 $16 {keeps fighting.} 26. Nd3 (26. Qxa7 Ra8 $16) 26... Bxd3) 26. Nd5 $18 Rb7 (26... Re8 $142 27. f4 Qg7) 27. f4 Qe6 28. Qd4 {[%emt 0:06:39][%cal Od5f6] And now Nf6+! would win.} Re8 $2 (28... Qd7 29. Rd1 Rdb8) 29. a4 {[%emt 0:05:47] White is clearly winning.} Bxa4 30. Bf1 Nb8 31. b5 {[%emt 0:00:52] Against Bc6} Nd7 32. Rc8 Rb8 33. Rxe8+ Rxe8 {[%emt 0:00:12] Weighted Error Value: White=0.10 (very precise) /Black=0.44} 1-0

[Event "1st Rio Chess Open 2022"]
[Site "Rio de Janeiro"]
[Date "2022.04.24"]
[Round "6.6"]
[White "Lima, Kleyton Alcantara"]
[Black "Alboredo, Julia"]
[Result "0-1"]
[ECO "B22"]
[WhiteElo "2080"]
[BlackElo "2252"]
[Annotator "TA"]
[PlyCount "80"]
[EventDate "2022.04.18"]
[EventType "swiss"]
[EventCountry "BRA"]
[SourceTitle "playchess.com"]
[Source "ChessBase"]
[SourceQuality "1"]
[TimeControl "5400+30"]

1. e4 c5 2. c3 Nf6 3. e5 Nd5 4. Nf3 Nc6 5. d4 cxd4 6. cxd4 d6 7. Bc4 Nb6 8. Bb5 Bd7 9. exd6 {[%emt 0:00:56] B22: Sicilian: 2 c3.} e6 10. O-O Bxd6 11. Nc3 {[%emt 0:00:08] The position is equal.} O-O 12. a3 Ne7 13. Bd3 {[%emt 0:01:15] [#]} f5 $146 (13... Bc6 $11) ({Predecessor:} 13... Nbd5 14. Ne4 Bf4 15. Ne5 Ng6 16. Nc5 Nxe5 17. dxe5 Bxe5 18. Bxh7+ Kxh7 19. Qh5+ Kg8 20. Qxe5 {½-½ (41) Mammadov,Z (2467)-Adly,A (2598) Al Ain 2015}) 14. Re1 Ned5 15. Bg5 ({White should play} 15. Qb3 $16) 15... Qe8 16. Ne5 Bxe5 17. Rxe5 Qg6 18. Bh4 Bc6 {[%emt 0:10:57][%cal Od5e3] [#] Strongly threatening ...Ne3!} 19. f3 Nf4 {[%emt 0:09:40][%csl Gf4][%cal Rg6g2] Pair of Knights!} 20. Bg3 Nxd3 21. Qxd3 Rad8 22. Rae1 Rfe8 23. b4 Bd5 24. Nxd5 Rxd5 25. R5e2 Qf7 26. Rc2 f4 27. Bf2 Rd7 28. Rce2 Nd5 29. Re5 Rd6 30. Qb5 a6 31. Qe2 Qd7 32. Qe4 g6 33. h4 Qf7 34. h5 Qf6 $1 {[%emt 0:03:50] Inhibits Bh4.} 35. hxg6 hxg6 36. Bh4 $2 {[%emt 0:00:42][%mdl 8192] [#]} Qxh4 $19 {[%emt 0:00:32] Black is clearly winning.} 37. Qxg6+ Kf8 38. Rf5+ Ke7 39. Rf7+ Kd8 40. Re5 Rc6 {[%emt 0:03:38] Weighted Error Value: White=0.36/Black=0.09 (flawless)} 0-1